[Event "*** Titled Tuesday Blitz"]
[Site "Chess.com"]
[Date "2018.06.05"]
[Round "5"]
[White "NikolaGry"]
[Black "GMNeiksans"]
[Result "1/2-1/2"]
[WhiteElo "2607"]
[BlackElo "2728"]
[TimeControl "180+2"]
[EndTime "14:14:01 PDT"]
[Termination "Game drawn by repetition"]

1. e4 c5 2. Nf3 e6 3. d4 cxd4 4. Nxd4 Nc6 5. Nb5 d6 6. Bf4 e5 7. Be3 Nf6 8. N1c3 a6 9. Na3 b5 10. Nd5 Nxd5 11. exd5 Ne7 12. c4 Nf5 13. cxb5 Nxe3 14. fxe3 Be7 15. bxa6 O-O 16. Bc4 Qb6 17. Qb3 Qa5+ 18. Qc3 Qxc3+ 19. bxc3 Bxa6 20. Bxa6 Rxa6 21. Nb5 Rb8 22. c4 Ra4 23. O-O Rxc4 24. Rab1 g6 25. Na3 Rxb1 26. Nxc4 Rb4 27. Rc1 f5 28. a3 Ra4 29.
Kf1 e4 30. Ke2 Kf7 31. Kd2 g5 32. g3 Kg6 33. Kc3 Kh5 34. Kb3 Ra7 35. a4 Kg4 36. a5 Kh3 37. Rc2 h5 38. Ka4 h4 39. gxh4 f4 40.
hxg5 f3 41. g6 Bf6 42. Kb5 Bh4 43. a6 f2 44. Rxf2 Bxf2 45. Kb6 Rg7 46. a7 Rg8 47. Kb7 Rg7+ 48. Kb6 Rg8 49. Kb7 Rg7+ 50. Kb6 Rg8 51. Kb7 Rg7+ 52. Ka6 Rg8 53. Kb7 Rg7+ 54. Kb6 Rg8 55. Kb7 1/2-1/2

[Event "*** Titled Tuesday Blitz"]
[Site "Chess.com"]
[Date "2018.06.05"]
[Round "5"]
[White "mishanick"]
[Black "dalmatinac101"]
[Result "1-0"]
[WhiteElo "2847"]
[BlackElo "2720"]
[TimeControl "180+2"]
[EndTime "14:14:03 PDT"]
[Termination "mishanick won by resignation"]

1. d4 Nf6 2. Bg5 d5 3. Nf3 c5 4.
c3 e6 5. e3 Nc6 6. Nbd2 Be7 7.
Bd3 h6 8. Bh4 Nd7 9. Bg3 O-O 10.
O-O cxd4 11. exd4 a6 12. Qe2 b5 13. Rad1 Bb7 14. Rfe1 Rc8 15. a3 Na5 16. Ne5 Nxe5 17.
Bxe5 Nc4 18. Nf3 Nxe5 19. Nxe5 Bd6 20. Bb1 Bxe5 21. Qxe5 Qc7 22. Qh5 a5 23. Rd3 b4 24.
axb4 axb4 25. Rg3 Qf4 26. h3 bxc3 27. bxc3 Ba6 28. Rxe6 Qxg3 29. Rxh6 gxh6 30. fxg3 Rc6 31. Qf5 Rfc8 32. Qg4+ Kf8 33. Bf5 R8c7 34. Qf4 Bc8 35. Bd3 Kg7 36. Qe5+ Kg8 37. Qxd5 Rxc3 38. Qe5 Bb7 39. d5 R7c5 40. Be4 Re3 41. Qb8+ Kg7 42. Qe5+ Kg8 43. Kh2 Rcc3 44. Qb8+ Kg7 45. Qxb7 Rxe4 46. Qb2 Rc4 47. d6 Kf6 48. Qd2 Rc1 49. d7 1-0

[Event "*** Titled Tuesday Blitz"]
[Site "Chess.com"]
[Date "2018.06.05"]
[Round "5"]
[White "Jooonaaas1996"]
[Black "Flawless2018"]
[Result "1/2-1/2"]
[WhiteElo "2282"]
[BlackElo "2486"]
[TimeControl "180+2"]
[EndTime "14:14:04 PDT"]
[Termination "Game drawn by agreement"]

1. e4 e5 2. Nf3 Nc6 3. Bb5 a6 4. Ba4 d6 5. c3 f5 6. Bxc6+ bxc6 7. Qa4 Bd7 8. exf5 h5 9. d4 c5 10. Qc2 cxd4 11. cxd4 exd4 12. Nxd4 Nf6 13. O-O Be7 14.
Nc6 Bxc6 15. Qxc6+ Kf8 16. Nc3 Rb8 17. Qxa6 Qd7 18.
Qd3 h4 19. h3 Rh5 20. b3 d5 21. Be3 Qxf5 22. Qxf5 Rxf5 23. Rfd1 c5 24. Na4 d4 25.
Bc1 Ne4 26. Ba3 g5 27. f3 Ng3 28. Rd2 Rd8 29. Rc1 d3 30. Bxc5 Bxc5+ 31. Rxc5 Rfd5 32.
Rxd5 Rxd5 33. Nc3 Rc5 34. Ne4 Nxe4 35. fxe4 Rc2 36. Rxd3 Rxa2 37. Rf3+ Kg7 38. e5 Re2 39. Rf5 Kg6 40. Rf6+ Kg7 41. Re6 Re4 42. Kf2 Rf4+ 43. Ke3 Rb4 44. Rd6 Rxb3+ 45. Rd3 Rb4 46. Rd7+ Kg6 47.
Rd3 Kf5 48. Kf3 Kxe5 49. Ra3 Rb5 50. Re3+ Kf5 51. Ra3 Rc5 52. Kf2 1/2-1/2

[Event "*** Titled Tuesday Blitz"]
[Site "Chess.com"]
[Date "2018.06.05"]
[Round "5"]
[White "Martins-BR"]
[Black "rubhani"]
[Result "0-1"]
[WhiteElo "2312"]
[BlackElo "2437"]
[TimeControl "180+2"]
[EndTime "14:14:05 PDT"]
[Termination "rubhani won by resignation"]

1. e4 c6 2. d4 d5 3. e5 Bf5 4. h4 h5 5. Bd3 Bxd3 6. Qxd3 e6 7.
Bg5 Qa5+ 8. Nd2 Qa6 9. c4 Nd7 10. Ngf3 Ne7 11. b3 Nf5 12. O-O Bb4 13. a3 Bxd2 14. Bxd2 O-O 15. Qc2 Rac8 16. c5 b6 17.
Bb4 Rfe8 18. Rfc1 Qb7 19. a4 Rb8 20. Rab1 Rec8 21. Ba3 b5 22. a5 b4 23. Bb2 Qa6 24. Ra1 Rb5 25. Qd2 Rcb8 26. Qg5 g6 27. Nh2 Rxa5 28. g4 hxg4 29. Nxg4 Rxa1 30. Rxa1 Qe2 31. Rxa7 Qxb2 32. Rxd7 Qxd4 33. Nh6+ Nxh6 34. Qxh6 Qg4+ 35. Kf1 Ra8 36. Qc1 Ra2 37. Qe1 Qh3+ 38. Kg1 Qg4+ 39.
Kf1 Qxh4 40. Kg1 Qg4+ 41. Kf1 Qh5 42. Kg1 Re2 43. Qf1 Qxe5 44. Rd8+ Kg7 45. Qh3 Re1+ 46. Kg2 Qg5+ 47. Kf3 Qxd8 0-1

[Event "*** Titled Tuesday Blitz"]
[Site "Chess.com"]
[Date "2018.06.05"]
[Round "5"]
[White "djamir"]
[Black "Galileo22"]
[Result "0-1"]
[WhiteElo "2563"]
[BlackElo "2346"]
[TimeControl "180+2"]
[EndTime "14:14:10 PDT"]
[Termination "Galileo22 won by checkmate"]

1. d4 Nf6 2. Nf3 e6 3. c4 d5 4. Nc3 c5 5. e3 Nc6 6. a3 b6 7. cxd5 exd5 8. Bb5 Bb7 9. Ne5 Qc7 10. Qa4 Rc8 11. Qxa7 Bd6 12. Nxc6 O-O 13. Qa4 Ra8 14.
Qd1 Bxc6 15. h3 c4 16. O-O Qd7 17. Bxc6 Qxc6 18. a4 Rfe8 19. Bd2 Re7 20. Nb5 Re6 21. b3 Rae8 22. Rc1 Bb8 23. bxc4 dxc4 24. Qc2 Ne4 25. Be1 Rg6 26. Qxc4 Qd7 27. Kh1 Rh6 28. f4 Nf6 29. Rf3 Rh5 30. Qc6 Qe7 31. Bf2 Ne4 32. Bg1 Rf5 33. g4 Rf6 34. Qc2 Re6 35. Kg2 f5 36.
Qe2 fxg4 37. hxg4 Rf6 38. Rh3 Rff8 39. Qc4+ Kh8 40. Rc2 Nf6 41. Qe2 Qxe3 42. Kh2 Qxe2+ 43. Rxe2 Rxe2+ 44. Kh1 Nxg4 45. d5 Bxf4 46. Bxb6 Be5 47. Bg1 Rf1 48. Rf3 Rh2# 0-1

[Event "*** Titled Tuesday Blitz"]
[Site "Chess.com"]
[Date "2018.06.05"]
[Round "5"]
[White "blitzcopter"]
[Black "nicegg"]
[Result "1-0"]
[WhiteElo "2086"]
[BlackElo "1884"]
[TimeControl "180+2"]
[EndTime "14:14:11 PDT"]
[Termination "blitzcopter won by resignation"]

1. e4 e5 2. Bc4 Nf6 3. d3 c6 4. Nf3 d5 5. Bb3 Bd6 6. exd5 cxd5 7. Bg5 Be6 8. O-O Nc6 9. Nc3 Be7 10. Re1 h6 11.
Bh4 Qd6 12. Bg3 Nd7 13. d4 f6 14. dxe5 Ndxe5 15. Nxe5 fxe5 16. Bxd5 O-O-O 17. Bxe6+ Qxe6 18. Qc1 Rhf8 19. Ne4 h5 20. h4 Qg4 21. Ng5 Bc5 22.
Ne4 Bxf2+ 23. Bxf2 Rf4 24. Ng5 Rxf2 25. Kxf2 Qxh4+ 26. Kg1 Nd4 27. c3 Nf5 28. Nf3 Qg3 29. Qg5 Qxg5 30.
Nxg5 Rd2 31. b3 Nh4 32. Nf3 Rxg2+ 33. Kh1 Rg4 34. Nxh4 Rxh4+ 35. Kg2 Rg4+ 36. Kh3 e4 37. Rg1 Rf4 38. Rxg7 Rf3+ 39. Kh4 Rxc3 40. Re1 e3 41.
Kxh5 Rc2 42. Rxe3 Rh2+ 43. Kg6 Rg2+ 44. Kf7 Rxg7+ 45. Kxg7 Kc7 46. Re6 1-0

[Event "*** Titled Tuesday Blitz"]
[Site "Chess.com"]
[Date "2018.06.05"]
[Round "5"]
[White "Alexandr_Predke"]
[Black "Abund"]
[Result "1-0"]
[WhiteElo "2656"]
[BlackElo "2513"]
[TimeControl "180+2"]
[EndTime "14:14:13 PDT"]
[Termination "Alexandr_Predke won by checkmate"]

1. e4 c6 2. Nc3 d5 3. Nf3 Nf6 4. e5 Ne4 5. Bd3 Nc5 6. Be2 d4 7. Nb1 d3 8. cxd3 Nxd3+ 9. Bxd3 Qxd3 10. h3 b6 11. Nc3 Ba6 12. Qa4 e6 13. b3 Bc5 14.
Ba3 Bxa3 15. Qxa3 Nd7 16. O-O-O Bb7 17. Rhe1 Nc5 18. Re3 Qd7 19. d4 Na6 20. Ne4 O-O-O 21. Nd6+ Kb8 22. Ng5 Rdf8 23. Nc4 Nc7 24. Ne4 Ba6 25.
Ned6 Bb5 26. Rg3 f6 27. Qb2 fxe5 28. dxe5 Nd5 29. a4 Ba6 30. a5 Rf4 31. axb6 axb6 32. Qa3 Qa7 33. f3 g6 34. Rg4 Rhf8 35. Kb2 Bxc4 36.
Qxa7+ Kxa7 37. bxc4 Ne3 38. Ra1+ Kb8 39. Ra6 Nxg4 40.
hxg4 b5 41. Rb6+ Ka7 42. Rb7+ Ka6 43. c5 Rd4 44. Rb6+ Ka5 45. Kc3 Rd5 46. Nb7+ Ka4 47. Ra6# 1-0

[Event "*** Titled Tuesday Blitz"]
[Site "Chess.com"]
[Date "2018.06.05"]
[Round "5"]
[White "robbykevlishvili"]
[Black "cukus"]
[Result "0-1"]
[WhiteElo "2503"]
[BlackElo "2403"]
[TimeControl "180+2"]
[EndTime "14:14:14 PDT"]
[Termination "cukus won by checkmate"]

1. e4 e5 2. Nf3 Nf6 3. Nxe5 d6 4. Nf3 Nxe4 5. Nc3 Nxc3 6. dxc3 Be7 7. Be3 O-O 8. Qd2 Nd7 9. O-O-O Nf6 10. Bd3 Re8 11. h3 d5 12. Kb1 c5 13. Rhe1 Be6 14. Ng5 Bd7 15. f4 b5 16. Nf3 Bd6 17. Ne5 d4 18.
cxd4 c4 19. Be2 Ne4 20. Qc1 c3 21. b3 Qe7 22. Bf3 Ba3 23. Bxe4 Bxc1 24. Bxc1 Rad8 25. Re3 b4 26. d5 Qc5 27. Nxd7 Rxd7 28. Bxh7+ Kxh7 29.
Rxe8 Rxd5 30. Rde1 a5 31. a4 bxa3 32. Ka2 Rd2 33.
R8e2 Rxe2 34. Rxe2 Qd4 35. Bxa3 a4 36. Re1 Qd2 37. Rc1 Qxg2 38. bxa4 Qd5+ 39. Ka1 Qc4 40. a5 Qa4 41. Ka2 Qxa5 42. Kb3 Qf5 43. Kxc3 Qxf4 44. Kb2 Qe5+ 45. Kb1 f5 46. c4 f4 47. c5 Qe4+ 48.
Kb2 Qc6 49. Bb4 f3 50. Kb3 f2 51. Ba3 f1=Q 52. Rxf1 Qb5+ 53. Kc3 Qxf1 54. Bb4 Qxh3+ 55. Kd4 Qd7+ 56. Ke5 Qc6 57. Ba3 Kg6 58. Bb4 Kf7 59. Ba3 g5 60. Kf5 Qf6+ 61. Kg4 Kg6 62. Bb4 Qd4+ 63.
Kh3 Qxb4 64. c6 Qd6 65. c7 Qxc7 66. Kg4 Qf4+ 67. Kh3 Qh4+ 68. Kg2 g4 69. Kg1 Qh3 70. Kf2 Qf3+ 71. Kg1 Qe2 72. Kh1 Kg5 73. Kg1 Kh4 74.
Kh1 Kg3 75. Kg1 Qg2# 0-1

[Event "*** Titled Tuesday Blitz"]
[Site "Chess.com"]
[Date "2018.06.05"]
[Round "5"]
[White "Durarbayli"]
[Black "Fandorine"]
[Result "0-1"]
[WhiteElo "2658"]
[BlackElo "2723"]
[TimeControl "180+2"]
[EndTime "14:14:16 PDT"]
[Termination "Fandorine won by checkmate"]

1. e4 c5 2. Nc3 Nc6 3. Nge2 e6 4. g3 a6 5. Bg2 Nf6 6. O-O Qc7 7.
d3 d6 8. a4 Be7 9. h3 O-O 10. f4 Rb8 11. g4 b5 12. axb5 axb5 13. g5 Nd7 14. Ng3 b4 15. Nce2 Re8 16. b3 Bf8 17. Bb2 Bb7 18. f5 Nde5 19. Qd2 g6 20. fxe6 fxe6 21. h4 Bg7 22. Rab1 Rbd8 23. Nf4 Bc8 24.
Bh3 Qe7 25. Kg2 h6 26. Nfe2 hxg5 27. Qxg5 Qxg5 28. hxg5 Bd7 29. Nf4 Ra8 30. Ra1 Rxa1 31. Bxa1 Nd4 32. Bxd4 cxd4 33. Nge2 Nf7 34. Nxg6 Nxg5 35.
Bg4 Kh7 36. Bh5 Rc8 37. Ne7 Rxc2 38. Bg6+ Kh8 39. Kf2 Bf6 40. Ra1 Bxe7 41. Ra7 Nh3+ 42. Kf3 Rxe2 43. Rxd7 Re3+ 44. Kg4 Nf2+ 45. Kh5 Rh3# 0-1

[Event "*** Titled Tuesday Blitz"]
[Site "Chess.com"]
[Date "2018.06.05"]
[Round "5"]
[White "Manukyan_Artak"]
[Black "Terrordelcaribe94"]
[Result "1-0"]
[WhiteElo "2356"]
[BlackElo "2352"]
[TimeControl "180+2"]
[EndTime "14:14:16 PDT"]
[Termination "Manukyan_Artak won by checkmate"]

1. e4 e6 2. d4 d5 3. e5 c5 4. c3 Nc6 5. Nf3 Qb6 6. a3 c4 7.
Nbd2 Na5 8. Be2 Bd7 9. O-O O-O-O 10. Rb1 h6 11. h4 Ne7 12. g3 Kb8 13. Ne1 Nb3 14.
Nxb3 Ba4 15. Ng2 Qxb3 16. Qxb3 Bxb3 17. Ne3 Rg8 18. Bd2 Nc8 19. Bh5 Rd7 20. f4 g6 21. Bf3 h5 22. Kf2 Nb6 23. g4 hxg4 24. Bxg4 Rh8 25. Kg3 Na4 26. Rh1 Rd8 27. h5 gxh5 28.
Rxh5 Rg8 29. Kf3 Ba2 30. Ra1 Bb3 31. Rb1 Ba2 32. Ra1 Bb3 33. Rb1 Bg7 34. f5 exf5 35. Nxf5 Bc2 36. Rg1 Nxb2 37. Nd6 f6 38. Be6 Rh8 39.
Rxh8 Bxh8 40. Nf7 Be4+ 41. Ke2 Re8 42. Nxh8 Rxe6 43. Bf4 Nd3 44. Ke3 fxe5 45. dxe5 a5 46. Nf7 Ka7 47. Ng5 Re8 48. Nxe4 dxe4 49. Kxe4 Nc5+ 50. Kd5 Na4 51. Kxc4 Rc8+ 52. Kd4 Nxc3 53. Re1 Nb5+ 54. Kd5 Rd8+ 55. Kc5 Ka6 56. e6 Rd4 57. e7 b6+ 58. Kc6 Na7+ 59. Kc7 Nb5+ 60. Kb8 Rxf4 61. e8=Q Rc4 62. Re7 Nd6 63. Ra7# 1-0

[Event "*** Titled Tuesday Blitz"]
[Site "Chess.com"]
[Date "2018.06.05"]
[Round "5"]
[White "GoingKronos"]
[Black "Jungle_Jaguar"]
[Result "1/2-1/2"]
[WhiteElo "2337"]
[BlackElo "2444"]
[TimeControl "180+2"]
[EndTime "14:14:17 PDT"]
[Termination "Game drawn by stalemate"]

1. Nf3 Nf6 2. c4 e6 3. g3 d5 4.
Bg2 Be7 5. d4 O-O 6. O-O b6 7.
cxd5 exd5 8. Nc3 Bb7 9. Bf4 c5 10. dxc5 bxc5 11. Rc1 d4 12. Na4 Na6 13. Qb3 Bd5 14. Qb5 Nb4 15. Nxc5 Nxa2 16. Ra1 Qb6 17. Qxb6 axb6 18. Nd3 Bc5 19. Nfe5 Bxg2 20. Kxg2 h6 21. h4 Rfd8 22. Bd2 Nd5 23. Nf4 Nxf4+ 24. Bxf4 Nb4 25.
Rfd1 f6 26. Nd3 Nxd3 27. exd3 Kf7 28. Kf3 Ke6 29. Bd2 Kd5 30. Re1 Re8 31. Rxe8 Rxa1 32. Rd8+ Ke6 33. b4 Bd6 34. Bf4 Bxb4 35. Rxd4 Bc5 36. Re4+ Kf5 37. g4+ Kg6 38. d4 Ra3+ 39.
Be3 Bf8 40. Re8 Kf7 41. Rb8 Rb3 42. Ke4 g5 43. h5 Rb1 44. Kf5 Be7 45. d5 Rb5 46.
Ke4 Rb4+ 47. Kf5 Rb5 48. Ke4 Rb4+ 49. Kd3 Rxg4 50. Rb7 Ke8 51. Bxb6 Rb4 52. Rb8+ Kd7 53. Ba7 Rxb8 54. Bxb8 Bd6 55. Bxd6 Kxd6 56. Ke4 g4 57.
Kf5 Kxd5 58. Kxf6 Ke4 59. Kg6 Kf3 60. Kf5 Kxf2 61. Kxg4 Ke3 62. Kf5 Kd4 63. Kg6 Ke5 64.
Kxh6 Kf6 65. Kh7 Kf7 66. h6 Kf8 67. Kh8 Kf7 68. h7 Kf8 1/2-1/2

[Event "*** Titled Tuesday Blitz"]
[Site "Chess.com"]
[Date "2018.06.05"]
[Round "5"]
[White "HanSchut"]
[Black "PowerThinking2650"]
[Result "1-0"]
[WhiteElo "2256"]
[BlackElo "2340"]
[TimeControl "180+2"]
[EndTime "14:14:18 PDT"]
[Termination "HanSchut won on time"]

1. e4 e5 2. Nf3 Nc6 3. Bc4 Nf6 4. d4 exd4 5. e5 d5 6. Bb5 Ne4 7. Nxd4 Bc5 8. Be3 Bd7 9. Bxc6 bxc6 10. Nd2 Bxd4 11.
Bxd4 c5 12. Nxe4 cxd4 13. Nc5 Qg5 14. Qxd4 c6 15. Nxd7 Kxd7 16. O-O Rhe8 17. f4 Qf5 18. c4 Qe4 19. Qxe4 dxe4 20. Rad1+ Kc7 21. Rd4 f5 22. Rfd1 Re7 23. Kf2 a5 24. b3 a4 25. b4 c5 26. bxc5 Kc6 27. Rd5 Rb8 28. R1d2 a3 29. Ke3 Rb2 30. g4 g6 31. h3 Reb7 32. gxf5 gxf5 33.
e6 Rxd2 34. Rxd2 Kxc5 35. Rd7 Rb8 36. Ra7 Kxc4 37. Rxa3 Re8 38. Ra6 Kb5 39. Rd6 Kc5 40. Ra6 Kb5 41. Ra7 Rxe6 42. Rxh7 Ra6 43. Rh5 Ra3+ 44.
Kd4 Rd3+ 45. Ke5 e3 46. Rxf5 e2 47. Kf6+ Kc4 48. Re5 1-0

[Event "*** Titled Tuesday Blitz"]
[Site "Chess.com"]
[Date "2018.06.05"]
[Round "5"]
[White "SCIM"]
[Black "champ2005"]
[Result "1-0"]
[WhiteElo "2411"]
[BlackElo "2545"]
[TimeControl "180+2"]
[EndTime "14:14:18 PDT"]
[Termination "SCIM won by resignation"]

1. d4 Nf6 2. c4 e6 3. Nc3 Bb4 4. Qc2 O-O 5. e4 d5 6. e5 Ne4 7. Bd3 c5 8. Ne2 cxd4 9. Nxd4 Nd7 10. Bf4 Ndc5 11. O-O Bxc3 12. bxc3 Nxd3 13. Qxd3 Bd7 14.
Rfd1 Rc8 15. cxd5 exd5 16. Rac1 Rc4 17. Ne2 Be6 18. Be3 Qa5 19. f3 Nc5 20. Qd2 Rd8 21. Bd4 Rc8 22. h4 Ra4 23. Rc2 b6 24. Qg5 h6 25.
Qg3 Rxa2 26. Rxa2 Qxa2 27. Nf4 Kh7 28. Nh5 Rg8 29. Nf4 a5 30. Qe1 a4 31. Ra1 Qc4 32. Qb1+ Kh8 33. Qxb6 Nb3 34. Kh2 Ra8 35. Ra3 Qa6 36.
Qc7 Qc4 37. Qe7 Qc6 38. h5 Re8 39. Qa7 Ra8 40. Qe7 Kg8 41. Be3 Re8 42. Qa7 Qxc3 43. Qxa4 Qxe3 44. Qxe8+ Kh7 45. Nxe6 fxe6 46. Qg6+ 1-0

[Event "*** Titled Tuesday Blitz"]
[Site "Chess.com"]
[Date "2018.06.05"]
[Round "5"]
[White "ChessMavenYeti"]
[Black "ChessicallyInclined"]
[Result "0-1"]
[WhiteElo "2131"]
[BlackElo "2243"]
[TimeControl "180+2"]
[EndTime "14:14:22 PDT"]
[Termination "ChessicallyInclined won by checkmate"]

1. Nf3 d5 2. g3 Nf6 3. Bg2 e6 4. O-O c5 5. d3 Be7 6. Nbd2 O-O 7. e4 Nc6 8. Re1 a5 9. e5 Nd7 10. Nf1 b6 11. h4 Qc7 12. Bf4 Ba6 13. Qe2 Rfc8 14.
Ne3 Nd4 15. Nxd4 cxd4 16. Nxd5 exd5 17. e6 Bd6 18. exd7 Qxd7 19. Bxd6 Qxd6 20. Rac1 Kf8 21. Qe5 Qxe5 22. Rxe5 Bxd3 23. Bxd5 Ra7 24. c3 dxc3 25. bxc3 Re7 26. Rxe7 Kxe7 27. c4 Kf6 28. Rc3 Bf5 29. Rf3 Ke5 30. Bxf7 Rd8 31. Bd5 b5 32. Re3+ Kf6 33.
Ra3 bxc4 34. Bxc4 Rd1+ 35. Kg2 Be4+ 36. f3 Rd2+ 37. Kh3 Bc6 38. Kg4 Rd4+ 39. f4 Rxc4 40. Rxa5 Bd7+ 41. Kf3 Rc3+ 42. Kf2 Bg4 43. a3 Rf3+ 44.
Kg2 h5 45. Ra6+ Kf5 46. Ra5+ Ke4 47. Re5+ Kd4 48. a4 Ra3 49. a5 Ra2+ 50. Kg1 Bf3 51. Rg5 Ke3 52. Re5+ Be4 53. g4 hxg4 54. f5 g3 55. f6 Ra1# 0-1

[Event "*** Titled Tuesday Blitz"]
[Site "Chess.com"]
[Date "2018.06.05"]
[Round "5"]
[White "GianmarcoVaR"]
[Black "1stSecond"]
[Result "0-1"]
[WhiteElo "2502"]
[BlackElo "2608"]
[TimeControl "180+2"]
[EndTime "14:14:23 PDT"]
[Termination "1stSecond won by checkmate"]

1. d4 Nf6 2. Nf3 e6 3. e3 b6 4. Bd3 Bb7 5. O-O d5 6. c4 Nbd7 7. cxd5 exd5 8. Nc3 Bd6 9. Nb5 Be7 10. Qc2 c5 11. dxc5 bxc5 12. b3 O-O 13. Bb2 Re8 14.
Rfe1 a6 15. Na3 Bd6 16. Rad1 Qe7 17. Nb1 Rac8 18. Nbd2 Ne4 19. Bf1 f5 20. g3 Ndf6 21.
Bh3 g6 22. Nh4 Qe6 23. Nxe4 Nxe4 24. Bg2 Rc7 25. Nf3 h6 26. Nd2 Rd7 27. Nxe4 fxe4 28. Qc3 Kh7 29. Qf6 Qxf6 30. Bxf6 Be5 31. Bxe5 Rxe5 32. Rd2 d4 33. exd4 cxd4 34. Rde2 d3 35. Rd2 Kg7 36. h3 Kf6 37. Re3 Rc7 38. f4 Re6 39.
Re1 g5 40. Kf2 gxf4 41. gxf4 Kf5 42. Ke3 Rg7 43. Rf2 Rg3+ 44. Kd4 d2 45. Kc5 dxe1=Q 46. Rc2 Rc6+ 47. Kd4 Rd3# 0-1

[Event "*** Titled Tuesday Blitz"]
[Site "Chess.com"]
[Date "2018.06.05"]
[Round "5"]
[White "petrpalachev"]
[Black "TheCount"]
[Result "1-0"]
[WhiteElo "2696"]
[BlackElo "2535"]
[TimeControl "180+2"]
[EndTime "14:14:27 PDT"]
[Termination "petrpalachev won by resignation"]

1. d4 Nf6 2. c4 g6 3. Nc3 d5 4.
Bg5 Ne4 5. Bh4 Nxc3 6. bxc3 dxc4 7. e3 Be6 8. Nf3 Bg7 9. Ng5 Bd5 10. Qb1 O-O 11.
e4 h6 12. Nf3 Be6 13. Be2 c5 14. O-O cxd4 15. cxd4 Nd7 16. Qxb7 Nf6 17. Bxf6 Bxf6 18. e5 Bg7 19. Rac1 Bd5 20. Qa6 Qb6 21. Qxb6 axb6 22.
Bxc4 Bxc4 23. Rxc4 Rxa2 24. Rb1 Rb8 25. h4 e6 26.
Rcb4 Ra6 27. Rb5 Bf8 28. g3 Be7 29. Kg2 Bd8 30. d5 exd5 31. Rxd5 Be7 32. Nd4 Kf8 33. h5 Rd8 34. Rxd8+ Bxd8 35. hxg6 fxg6 36. Rc1 Ra4 37. Ne6+ Ke7 38. Rc6 b5 39. Nxd8 Kxd8 40. Rxg6 h5 41. Rb6 Rb4 42. f4 Kc7 43. Rh6 Rc4 44. Rxh5 b4 45.
Rh7+ Kc6 46. Rh8 Kc7 47. Kf3 b3 48. Rh1 Kc6 49. Kg4 Rc3 50. e6 Kd6 51. f5 b2 52.
Rb1 Rb3 53. Kf4 Ke7 54. g4 Kf6 55. g5+ Ke7 56. Kg4 Rb5 57. Kh5 Rxf5 58. Rxb2 Kxe6 59. Kh6 Rf1 60. g6 Kf6 61. Rb6+ Ke7 62. g7 Rh1+ 63.
Kg6 Rg1+ 64. Kh7 Rh1+ 65. Rh6 1-0

[Event "*** Titled Tuesday Blitz"]
[Site "Chess.com"]
[Date "2018.06.05"]
[Round "5"]
[White "wonderfultime"]
[Black "BillieKimbah"]
[Result "0-1"]
[WhiteElo "2854"]
[BlackElo "2779"]
[TimeControl "180+2"]
[EndTime "14:14:28 PDT"]
[Termination "BillieKimbah won on time"]

1. d4 Nf6 2. Nf3 d5 3. Bf4 Bf5 4. e3 e6 5. Bd3 Bd6 6. Bg3 Bg6 7. O-O O-O 8. c4 dxc4 9. Bxc4 c5 10. Nc3 cxd4 11.
Qxd4 Bxg3 12. hxg3 Nc6 13. Qc5 Rc8 14. Rfd1 Qa5 15.
Qxa5 Nxa5 16. Be2 Nc4 17. Bxc4 Rxc4 18. Ne5 Rcc8 19. Rd4 Rfd8 20. Rad1 Rxd4 21. Rxd4 Kf8 22. f3 Ke7 23. e4 a6 24. Kf2 Rc5 25. Nd3 Rc7 26.
a4 Nd7 27. Rb4 f6 28. Ke3 Bf7 29. a5 e5 30. Na4 Be6 31. g4 Kd6 32. Nb6 Nb8 33.
Na4 Nc6 34. Rb6 Ke7 35. Nac5 Bc8 36. b4 Nd4 37. g5 Nb5 38. gxf6+ gxf6 39. f4 Na3 40.
fxe5 Nc4+ 41. Kd4 Nxb6 42. axb6 Rc6 43. Nf4 fxe5+ 44. Kxe5 a5 45. Nd5+ Kd8 46. Kd4 axb4 47. Nxb4 Rxb6 48. Nd5 Rb2 49. Ne3 b6 50. Nd3 Rb1 51. Nf4 Bb7 52. e5 Rb4+ 0-1

[Event "*** Titled Tuesday Blitz"]
[Site "Chess.com"]
[Date "2018.06.05"]
[Round "5"]
[White "alpasya2009"]
[Black "nabukatnezarr"]
[Result "0-1"]
[WhiteElo "2390"]
[BlackElo "2350"]
[TimeControl "180+2"]
[EndTime "14:14:28 PDT"]
[Termination "nabukatnezarr won by checkmate"]

1. d4 Nf6 2. c4 g6 3. Nc3 Bg7 4. e4 O-O 5. Nf3 d6 6. h3 c6 7. Bg5 h6 8. Be3 Nbd7 9. Be2 a6 10. O-O b5 11. e5 Ne8 12. Ne4 d5 13. cxd5 cxd5 14.
Ng3 Nb6 15. b3 f5 16. exf6 exf6 17. Qd2 Kh7 18. Bd3 f5 19. Bf4 Nd6 20. Bxd6 Qxd6 21. Rfe1 Nd7 22. Ne2 Nf6 23. Ne5 Ne4 24. Qb2 Qb6 25.
Nf4 Bxe5 26. dxe5 Be6 27. Nxe6 Qxe6 28. f3 Nc5 29. Qd4 Rfc8 30. Rad1 Rc7 31. Bb1 Rd8 32. b4 Na4 33. Rc1 Rdc8 34. Rxc7+ Rxc7 35. Rd1 Nc3 36. Re1 h5 37. Bc2 Rc4 38. Qd2 Rc7 39. Bb3 Qb6+ 40. Kh1 d4 41. e6 Re7 42. Qg5 Qd6 43.
Qf6 Na4 44. Bxa4 bxa4 45. h4 d3 46. Rd1 Rxe6 47. Qf7+ Kh6 48. Rxd3 Re1# 0-1

[Event "*** Titled Tuesday Blitz"]
[Site "Chess.com"]
[Date "2018.06.05"]
[Round "5"]
[White "Doraemon7"]
[Black "Tash_Boy"]
[Result "1-0"]
[WhiteElo "2426"]
[BlackElo "2678"]
[TimeControl "180+2"]
[EndTime "14:14:29 PDT"]
[Termination "Doraemon7 won by resignation"]

1. d4 Nf6 2. c4 g6 3. Nc3 Bg7 4. Nf3 O-O 5. Bg5 d6 6. e3 Nbd7 7. Be2 h6 8. Bh4 e5 9. O-O Re8 10.
Qc2 g5 11. Bg3 e4 12. Nd2 h5 13. h3 Qe7 14. Nb5 Nf8 15. c5 h4 16. cxd6 cxd6 17.
Bxd6 Qd7 18. Be5 Ng6 19. Bxf6 Bxf6 20. Nc7 g4 21. Bxg4 Qe7 22. Nxe8 Qxe8 23. Bxc8 Rxc8 24. Qxe4 Qb5 25. b3 Re8 26. Qc2 Qe2 27. Rae1 Qh5 28.
Ne4 Be7 29. Nc5 b6 30. Nd3 Bd6 31. e4 Qg5 32. e5 Be7 33. Re4 Rd8 34. Rfe1 Kf8 35. Qe2 Qf5 36. Qg4 Qxg4 37. hxg4 a5 38. f4 Ba3 39. f5 Ne7 40. Nf4 Bb2 41. Rd1 b5 42. e6 f6 43. Nh5 Nd5 44. Rd2 Bc3 45.
Rd3 b4 46. Nf4 Ne7 47. d5 Be5 48. Rc4 Bd6 49. Ng6+ Nxg6 50. fxg6 Kg7 51. Rc6 Kxg6 52. e7 Bxe7 53. d6 Bf8 54. d7 Kf7 55. Rc8 Be7 56. Rxd8 Bxd8 57. Kf2 Ke7 58. Kf3 Bc7 59. Ke4 Kd8 60. Kf5 Be5 61. g5 fxg5 62. Kxe5 g4 63. Kf4 h3 64. gxh3 gxh3 1-0

[Event "*** Titled Tuesday Blitz"]
[Site "Chess.com"]
[Date "2018.06.05"]
[Round "5"]
[White "florianschwabeneder"]
[Black "Rish_97"]
[Result "1/2-1/2"]
[WhiteElo "2373"]
[BlackElo "2295"]
[TimeControl "180+2"]
[EndTime "14:14:33 PDT"]
[Termination "Game drawn - insufficient material"]

1. d4 Nf6 2. Nf3 d5 3. Bf4 c5 4.
e3 Nc6 5. Nbd2 e6 6. c3 cxd4 7. exd4 Nh5 8. Be3 Bd6 9. Ne5 g6 10. f4 O-O 11. Bd3 Qh4+ 12. g3 Qe7 13. Qf3 f6 14.
Nxc6 bxc6 15. O-O Bd7 16. Rae1 e5 17. fxe5 fxe5 18. Qg2 e4 19. Rxf8+ Rxf8 20. Bh6 Rf7 21. Nxe4 dxe4 22. Bc4 Nf6 23. Bg5 Kg7 24. Bxf7 Qxf7 25. Rf1 Be7 26. Bxf6+ Bxf6 27. Qxe4 Qxa2 28. Qf4 Qe6 29.
Qf2 Qe7 30. Re1 Qd6 31. Qe2 c5 32. dxc5 Qxc5+ 33. Qf2 Qd6 34. Qxa7 Bd8 35. Qd4+ Qxd4+ 36. cxd4 Bb6 37. Rd1 Ba4 38. Rd2 Kf6 39. Kf2 Kf5 40. Ke3 Ke6 41. Kd3 Kd5 42. Kc3 Bc6 43. b4 g5 44. Rd1 h5 45. Rd2 h4 46. gxh4 gxh4 47. Rd1 h3 48. Rd3 Bd7 49. Rd2 Bc7 50. Re2 Bf4 51. Re7 Bf5 52. Re2 Be4 53. b5 Bg2 54. b6 Bxh2 55. b7 Bd6 56. Re5+ Kc6 57. Re6 Kxb7 58. Rxd6 h2 59. Rh6 h1=Q 60. Rxh1 Bxh1 61.
d5 Bxd5 1/2-1/2

[Event "*** Titled Tuesday Blitz"]
[Site "Chess.com"]
[Date "2018.06.05"]
[Round "5"]
[White "Ravan_02"]
[Black "ehrenfeld"]
[Result "1-0"]
[WhiteElo "2488"]
[BlackElo "2453"]
[TimeControl "180+2"]
[EndTime "14:14:41 PDT"]
[Termination "Ravan_02 won by resignation"]

1. Nf3 d6 2. g3 e5 3. d3 f5 4. Bg2 Nf6 5. Bg5 Be7 6. Nc3 O-O 7. Bxf6 Bxf6 8. Nd5 Nd7 9. O-O c6 10. Nxf6+ Nxf6 11.
c3 Kh8 12. a4 a5 13. Qb3 Qe8 14. Qc4 Qh5 15. Qh4 Qf7 16. d4 e4 17. Ng5 Qg6 18.
Nh3 d5 19. Qf4 Nh5 20. Qg5 Qf7 21. f3 h6 22. Qd2 Nf6 23. fxe4 fxe4 24. Nf4 g5 25. Nh3 Be6 26. Nf2 Qg6 27. Nd1 Rf7 28.
Ne3 Raf8 29. c4 dxc4 30. Qxa5 Kg8 31. Qe5 Bd5 32. Bh3 g4 33. Bg2 h5 34. Rf5 Nd7 35.
Rxf7 Nxe5 36. Rxf8+ Kxf8 37. dxe5 Qg5 38. Rf1+ Ke7 39.
Nf5+ Kd7 40. Rf4 Be6 41. Bxe4 Bxf5 42. Bxf5+ Ke7 43. e4 Qg7 44. Rf2 Qxe5 45. Rd2 b5 46. a5 Qc7 47. Rd7+ Qxd7 48. Bxd7 Kxd7 49. a6 Kc7 50. e5 b4 51. a7 Kb7 52. a8=Q+ Kxa8 53. e6 c3 54. bxc3 b3 55. e7 b2 56. e8=Q+ Ka7 57.
Qe1 1-0